 Dungeon Crawl Stone Soup version 0.26-a0-1132-ge9770dfcb6 (webtiles) character file.

Game seed: 3879101496670374011

107056 vvl the Brawler (level 15, -5/144 HPs)
             Began as a Troll Monk on Dec 21, 2020.
             Was the Champion of Jiyva.
             Killed by the raging water
             ... invoked by a water nymph
              (25 damage)
             ... on level 3 of the Shoals.
             The game lasted 03:33:53 (29813 turns).

vvl the Brawler (Troll Monk)                       Turns: 29813, Time: 03:34:23

Health: -5/144     AC: 30    Str: 24    XL:     15   Next: 62%
Magic:  0/18       EV: 10    Int: 13    God:    Jiyva [******]
Gold:   188        SH:  0    Dex: 13    Spells: 11/20 levels left

rFire    . . .     SeeInvis .   L - +5 whip (pain)
rCold    + + .     Faith    .   (no shield)
rNeg     + . .     Spirit   +   u - +2 storm dragon scales "Lala" {rElec rPois rC+ Dex+2 Stlth+}
rPois    +         Reflect  .   T - +2 hat of the Bear Spirit {Spirit, +Rage rN+ Will++}
rElec    +         Harm     .   D - scarf {repulsion}
rCorr    +         Rampage  .   (gloves unavailable)
Will     +++++                  (boots unavailable)
Stlth    ..........             o - amulet of the acrobat
HPRegen  0.74/turn              y - ring of Robustness {AC+8}
MPRegen  0.16/turn              K - ring of Fissil {Will++ Stlth-}

@: repel missiles, very slow
A: large, unfitting armour, claws 3, rugged brown scales 1, blink, cold
resistance 1, strong-willed 1, regeneration 1, shaggy fur 1, strong 1, tough
skin 3, eyeballs 1, MP-powered wands
}: 1/15 runes: slimy
a: Blink, Renounce Religion, Evoke Berserk Rage, Request Jelly, Slimify, Cure
Bad Mutation


You were on level 3 of the Shoals.
You worshipped Jiyva.
Jiyva was exalted by your worship.
You visited 6 branches of the dungeon, and saw 29 of its levels.

You collected 2007 gold pieces.
You spent 1819 gold pieces at shops.

Inventory:

Hand Weapons
 c - the +7 great mace "Undeadhunter" {disrupt, rN+}
   (You found it on level 4 of the Lair of Beasts)

   It protects you from negative energy.
 C - the +1 fustibalus of Might {freeze, Str+2}
   (You found it on level 5 of the Dungeon)

   It causes projectiles fired from it to freeze those they strike, causing
   extra injury to most foes and up to half again as much damage against
   particularly susceptible opponents.
   They can also slow down cold-blooded creatures.
   It affects your strength (+2).
 L - a +5 whip of pain (weapon)
 N - the +7 Singing Sword {vorpal, sonic wave}
   (You found it on level 5 of the Pits of Slime)

   It inflicts extra damage upon your enemies.
 Q - the +11 great mace of Meager Indomitability {speed, rF+ Int+4}
   (You found it on level 5 of the Pits of Slime)

   Attacks with this weapon are significantly faster.
   It affects your intelligence (+4).
   It protects you from fire.
Missiles
 E - 9 large rocks (quivered)
Armour
 s - a +2 robe of positive energy
 u - the +2 storm dragon scales "Lala" (worn) {rElec rPois rC+ Dex+2 Stlth+}
   (You bought it in a shop on level 2 of the Orcish Mines)

   It affects your dexterity (+2).
   It protects you from cold.
   It insulates you from electricity.
   It protects you from poison.
   It makes you more stealthy.
 x - a +0 pair of boots of rampaging
 D - a scarf of repulsion (worn)
 F - a +2 robe of willpower
 T - the +2 hat of the Bear Spirit (worn) {Spirit, +Rage rN+ Will++}
   (You found it on level 11 of the Dungeon)

   It protects you from negative energy.
   It affects your willpower, your defense against some magical effects.
   It lets you go berserk.
Magical Staves
 J - an uncursed staff of poison
Jewellery
 o - an amulet of the acrobat (around neck)
 p - an uncursed ring of wizardry
 v - an uncursed amulet of regeneration
 y - the ring of Robustness (left claw) {AC+8}
   (You found it on level 6 of the Lair of Beasts)

   [ring of protection]

   It affects your AC (+8).
 K - the ring of Fissil (right claw) {Will++ Stlth-}
   (You found it on level 5 of the Pits of Slime)

   [ring of attention]

   It affects your willpower, your defense against some magical effects.
   It makes you less stealthy.
 M - an uncursed ring of protection from cold
 S - a +6 ring of intelligence
Wands
 a - a wand of flame (11)
 d - a wand of disintegration (16)
 k - a wand of iceblast (4)
 r - a wand of paralysis (26)
 t - a wand of random effects (29)
 B - a wand of digging (4)
 P - a wand of enslavement (10)
Scrolls
 f - 2 scrolls of fog
 g - 4 scrolls of teleportation
 h - 8 scrolls of enchant armour
 i - 4 scrolls of immolation
 l - a scroll of random uselessness
 m - 6 scrolls of magic mapping
 A - a scroll of blinking
 G - 14 scrolls of remove curse
 I - 3 scrolls of identify
 R - a scroll of torment {unknown}
 V - a scroll of amnesia
Potions
 b - 5 potions of might
 e - 3 potions of lignification
 j - 4 potions of cancellation
 n - 4 potions of curing {unknown}
 q - 2 potions of magic {unknown}
 w - 5 potions of degeneration {unknown}
 z - 4 potions of ambrosia
 H - a potion of berserk rage {unknown}
 O - 7 potions of flight {unknown}
 U - a potion of haste
 W - 3 potions of invisibility {unknown}


   Skills:
 - Level 7.0 Fighting
 + Level 10.1 Maces & Flails
 * Level 8.2 Armour
 - Level 9.0 Dodging
 - Level 1.0 Stealth
 + Level 17.2 Unarmed Combat
 - Level 3.0 Spellcasting
 + Level 8.3 Necromancy


You had 11 spell levels left.
You knew the following spells:

 Your Spells              Type           Power        Failure   Level
a - Animate Dead          Necr           11%          38%         4
b - Agony                 Necr           23%          75%         5

Your spell library contained the following spells:

 Spells                   Type           Power        Failure   Level
 Pain                     Necr           92%          4%          1
 Sublimation of Blood     Necr           11%          6%          2
 Vampiric Draining        Necr           11%          13%         3
 Corpse Rot               Necr/Air       N/A          34%         2
 Dispel Undead            Necr           23%          38%         4
 Excruciating Wounds      Necr           11%          75%         5
 Beastly Appendage        Tmut           2%           78%         1
 Foxfire                  Conj/Fire      4%           78%         1
 Freeze                   Ice            4%           78%         1
 Magic Dart               Conj           4%           78%         1
 Sandblast                Erth           2%           78%         1
 Shock                    Conj/Air       4%           78%         1
 Wereblood                Tmut           1%           89%         2
 Spider Form              Tmut/Pois      0%           98%         3
 Ice Form                 Ice/Tmut       1%           100%        4
 Blade Hands              Tmut           0%           100%        5
 Simulacrum               Ice/Necr       6%           100%        6


Dungeon Overview and Level Annotations

Branches:
Dungeon (12/15)            Temple (1/1) D:6            Lair (6/6) D:8
 Shoals (3/4) Lair:3       Spider (0/4) Lair:3        Slime (5/5) Lair:6
    Orc (2/2) D:11            Elf (0/3) Orc:2

Altars:
Ashenzari
Cheibriados
Dithmenos
Elyvilon
Fedhas
Gozag
Hepliaklqana
Kikubaaqudgha
Makhleb
Nemelex Xobeh
Okawaru
Qazlal
Ru
Sif Muna
Trog
Uskayaw
Vehumet
Wu Jian
Xom
Yredelemnul
Zin
The Shining One
Beogh
Jiyva

Shops:
D:7 [   Orc:1 [   Orc:2 [*}*[   Shoals:1 (   Shoals:2 *(}*

Portals:
Pandemonium: Orc:2

Annotations:
Lair:4 exclusion: oklob plant
Lair:6 exclusion: 4 oklob plants
Slime:2 Dissolution
Slime:5 Royal Jelly


Innate Abilities, Weirdness & Mutations

You are too large for most types of armour.
You have claws for hands.
Your natural rate of healing is unusually fast.
You are covered in fur. (AC +1)
You have extremely tough skin. (AC +3)
You are partially covered in rugged brown scales. (AC +1, +3% HP)
You can translocate small distances at will.
Your flesh is cold resistant. (rC+)
You are strong-willed. (Will+)
Your muscles are strong. (Str +2)
Your body has grown golden eyes which may confuse attackers. (Acc +3)
You expend magic power (3 MP) to strengthen your wands.


Message History

You claw the merfolk impaler!
The merfolk impaler is almost dead.
The merfolk impaler closely misses you.
You closely miss the merfolk impaler.
The merfolk impaler is severely wounded.
The water nymph touches you. The water nymph drowns you!
The merfolk impaler barely misses you.
You miss the water nymph. The merfolk impaler barely misses you.
You scratch the water nymph but do no damage.
The water nymph casts a spell at you. The water swirls and strikes you!!
* * * LOW HITPOINT WARNING * * *
The merfolk impaler barely misses you. A searing pain shoots up your arm!
L - a +5 whip of pain (weapon)
The merfolk impaler hits you with a +0 trident!
* * * LOW HITPOINT WARNING * * *
The water nymph gestures at you while chanting.
The water swirls and strikes you!!
You die...

≈≈≈≈≈≈≈≈≈>.
≈≈≈≈≈..≈≈.# ..
≈≈≈≈≈≈.≈≈≈###.P
..≈≈≈≈≈≈≈≈≈≈...#
#.≈≈≈≈≈≈≈≈≈≈≈..#
≈≈≈P≈.#.≈≈≈≈≈≈≈≈≈≈PP..
P≈≈≈≈/≈≈≈≈≈≈≈≈mm≈≈≈...
≈≈≈≈≈≈≈≈≈≈≈≈≈@≈≈≈≈≈≈≈
..≈≈≈≈≈≈≈≈≈≈≈≈≈≈≈≈≈≈
#.P≈≈≈≈≈≈≈.....≈...
#.≈≈≈≈≈≈..####.≈>.
##≈≈≈≈≈≈)## ≈≈.
#<.≈≈(≈..# ≈≈
#(≈≈≈((≈.# ≈
#P(≈≈≈≈≈≈.#
#.PPPP≈P≈≈≈##


You could see a merfolk impaler and a water nymph.

Vanquished Creatures
  An entropy weaver (Lair:6)
  Snorg (D:11)
  5 boulder beetles
  10 hydras
  A two-headed ogre (D:8)
  A queen ant (Lair:6)
  9 death yaks
  A satyr (Shoals:3)
  8 orc high priests (Orc:2)
  Nergalle (Lair:1)
  A sixfirhy (Orc:2)
  An unseen horror (D:11)
  2 torturous demonspawn (Orc:2)
  2 sea snakes (Shoals:1)
  13 harpies
  An infernal demonspawn (Orc:2)
  2 lindwurms (Lair:6)
  Pikel (D:8)
  4 orc knights
  5 orc sorcerers
  A wolf spider (Lair:6)
  A cyclops (Orc:2)
  5 fauns (Shoals:1)
  14 elephants
  3 centaur zombies
  2 manticores
  Joseph (Lair:1)
  Maurice (D:8)
  6 black mambas
  A smoke demon (Orc:2)
  2 water nymphs (Shoals:1)
  A torpor snail (Lair:6)
  5 merfolk sirens
  13 cane toads
  A rime drake (Lair:3)
  15 komodo dragons
  7 merfolk
  2 hellwings (Orc:2)
  3 polar bears
  2 trolls
  6 dream sheep (Lair:6)
  27 blink frogs
  3 snapping turtles
  A ynoxinul (Orc:2)
  3 water elementals
  5 wyverns
  3 basilisks
  72 yaks
  3 wraiths
  Grum (D:8)
  Eustachio (D:6)
  A neqoxec (Orc:2)
  2 black mamba skeletons
  2 torturous demonspawn zombies (Orc:2)
  2 cane toad zombies (Lair:1)
  6 soldier ants
  A warg (Orc:1)
  15 water moccasins
  A swamp drake (D:8)
  28 orc warriors
  A sky beast (D:10)
  2 black bears
  A cane toad skeleton (Lair:1)
  4 phantoms
  10 ogres
  An ice beast (D:5)
  A necrophage (D:8)
  29 wolves
  A centaur (Shoals:2)
  A dream sheep skeleton (Lair:1)
  An elephant skeleton (Lair:5)
  A big kobold (D:7)
  14 bullfrogs
  A fire crab zombie (Lair:1)
  A wyvern zombie (Lair:1)
  2 water moccasin zombies
  4 troll zombies
  2 komodo dragon skeletons
  4 scorpions
  2 warg zombies (Orc:1)
  A water moccasin skeleton (Lair:1)
  3 yak zombies
  8 wights
  4 howler monkeys
  2 wolf zombies (Lair:5)
  2 electric eels
  2 wolf skeletons (Lair:5)
  4 hounds
  4 jellies
  20 orc priests
  Crazy Yiuf (D:4)
  7 orc wizards
  3 centaur skeletons
  An iguana (D:9)
  14 worker ants
  10 ogre zombies
  A hound zombie (D:7)
  An ogre skeleton (Orc:2)
  2 hound skeletons
  A worker ant zombie (D:9)
  17 adders
  3 gnolls (D:3)
  A howler monkey skeleton (D:6)
  2 shadow imps
  3 white imps
  3 ufetubi
  A gnoll zombie (Orc:2)
  2 adder zombies
  5 worms
  A dart slug (D:1)
  7 leopard geckos
  49 orcs
  8 giant cockroaches
  6 goblins
  13 hobgoblins
  4 jackals (D:3)
  13 kobolds
  9 quokkas
  3 ball pythons
  7 bats
  A frilled lizard (D:3)
  A goblin skeleton (D:11)
  4 goblin zombies (D:11)
  4 orc skeletons
  33 orc zombies
  3 rats
716 creatures vanquished.

Vanquished Creatures (others)
  A dire elephant (Lair:6)
  An orc knight (Orc:2)
  A manticore (Lair:6)
  An oklob plant (Lair:6)
  2 cane toads (Lair:6)
  2 slime creatures (Lair:5)
  2 dream sheep (Lair:6)
  2 yaks
  2 water moccasins
  2 ogres
  A wolf (Lair:5)
  A bullfrog (Lair:4)
  A yak zombie (Lair:6)
  78 jellies
  5 orc wizards
  4 orc priests
  A worker ant (Lair:6)
  14 orcs
  122 fungi
  288 plants
531 creatures vanquished.

Grand Total: 1247 creatures vanquished

Notes
Turn   | Place    | Note
-------+----------+-------------------------------------------
     0 | D:1      | vvl the Troll Monk began the quest for the Orb.
     0 | D:1      | Reached XP level 1. HP: 22/22 MP: 0/0
   103 | D:1      | Reached XP level 2. HP: 23/29 MP: 1/1
   398 | D:1      | Reached skill level 4 in Unarmed Combat
   720 | D:2      | Reached XP level 3. HP: 35/36 MP: 2/2
  1244 | D:2      | Reached XP level 4. HP: 42/44 MP: 3/3
  1298 | D:2      | Reached skill level 5 in Unarmed Combat
  1580 | D:3      | Found a stormy altar of Qazlal.
  1897 | D:3      | Found a broken altar of Ashenzari.
  1930 | D:3      | Reached XP level 5. HP: 50/50 MP: 4/4
  1940 | D:3      | Found a shadowy altar of Dithmenos.
  1943 | D:3      | Found an opulent altar of Gozag.
  1970 | D:3      | Found an iron altar of Okawaru.
  2235 | D:4      | Noticed an ogre
  2243 | D:4      | Killed an ogre
  2244 | D:4      | Reached skill level 6 in Unarmed Combat
  2318 | D:4      | Reached XP level 6. HP: 56/59 MP: 5/5
  2417 | D:4      | Found a runed translucent door.
  2418 | D:4      | Noticed Crazy Yiuf
  2428 | D:4      | Killed Crazy Yiuf
  2429 | D:4      | Reached skill level 7 in Unarmed Combat
  2806 | D:5      | Entered Level 5 of the Dungeon
  2822 | D:4      | Reached skill level 8 in Unarmed Combat
  2822 | D:4      | Reached XP level 7. HP: 59/66 MP: 6/6
  3027 | D:5      | Reached skill level 9 in Unarmed Combat
  3115 | D:5      | Got an ancient fustibalus
  3138 | D:5      | Identified the cursed +1 fustibalus of Might {freeze,
                  | Str+2} (You found it on level 5 of the Dungeon)
  3391 | D:6      | Noticed Eustachio
  3427 | D:6      | Killed Eustachio
  3428 | D:6      | Reached skill level 10 in Unarmed Combat
  3428 | D:6      | Reached XP level 8. HP: 67/74 MP: 7/7
  3523 | D:6      | Found a staircase to the Ecumenical Temple.
  3541 | Temple   | Entered the Ecumenical Temple
  3640 | Temple   | Became a worshipper of Kikubaaqudgha
  3640 | Temple   | Reached * piety under Kikubaaqudgha
  3640 | Temple   | Identified Kikubaaqudgha's Papyrus of Unholy Magic
                  | (Kikubaaqudgha gifted it to you in the Ecumenical Temple)
  3640 | Temple   | Received a gift from Kikubaaqudgha
  3640 | Temple   | Reached ** piety under Kikubaaqudgha
  3899 | D:6      | Reached skill level 11 in Unarmed Combat
  3918 | D:6      | Reached skill level 12 in Unarmed Combat
  3918 | D:6      | Reached XP level 9. HP: 31/80 MP: 8/8
  4129 | D:6      | Found a blossoming altar of Fedhas.
  4317 | D:7      | Found a shimmering blue altar of Sif Muna.
  4364 | D:7      | Found a sparkling altar of Nemelex Xobeh.
  4435 | D:7      | Found Jeim's Antique Armour Shoppe.
  4600 | D:7      | Reached skill level 1 in Necromancy
  5133 | D:8      | Noticed Grum
  5151 | D:8      | Killed Grum
  5325 | D:8      | Noticed Maurice
  5339 | D:8      | Killed Maurice
  5479 | D:8      | Noticed Pikel
  5501 | D:8      | Killed Pikel
  5502 | D:8      | Reached skill level 13 in Unarmed Combat
  5502 | D:8      | Reached XP level 10. HP: 75/94 MP: 9/9
  5606 | D:8      | Noticed a two-headed ogre
  5610 | D:8      | Killed a two-headed ogre
  5876 | D:8      | Reached skill level 5 in Fighting
  5934 | D:8      | Reached *** piety under Kikubaaqudgha
  5934 | D:8      | Identified Kikubaaqudgha's Incunabulum of Necromancy
                  | (Kikubaaqudgha gifted it to you on level 8 of the Dungeon)
  5934 | D:8      | Received a gift from Kikubaaqudgha
  6464 | D:8      | Found a staircase to the Lair.
  6922 | D:9      | Reached skill level 1 in Maces & Flails
  7073 | D:9      | Reached skill level 5 in Necromancy
  7276 | D:9      | Reached XP level 11. HP: 56/105 MP: 10/10
  7430 | D:9      | Reached skill level 14 in Unarmed Combat
  7690 | D:10     | Entered Level 10 of the Dungeon
  7906 | D:10     | Reached **** piety under Kikubaaqudgha
  8204 | D:10     | Found an opulent altar of Gozag.
  8419 | D:11     | Found the +2 hat of the Bear Spirit {Spirit, +Rage rN+
                  | Will++}
  8462 | D:11     | Found a staircase to the Orcish Mines.
  8555 | D:11     | Reached ***** piety under Kikubaaqudgha
  8806 | D:11     | Killed an unseen horror
  9299 | D:12     | Noticed Snorg
  9338 | D:11     | Killed Snorg
  9480 | D:12     | Noticed a boulder beetle
  9506 | D:12     | Killed a boulder beetle
  9526 | D:12     | Noticed a boulder beetle
  9629 | D:12     | Killed a boulder beetle
  9746 | D:12     | Noticed an eight-headed hydra
 10159 | Lair:1   | Entered Level 1 of the Lair of Beasts
 10159 | Lair:1   | Noticed Nergalle
 10178 | Lair:1   | Killed Nergalle
 10252 | Lair:1   | Reached XP level 12. HP: 112/115 MP: 11/11
 10274 | Lair:1   | Reached skill level 15 in Unarmed Combat
 10329 | Lair:1   | Noticed a five-headed hydra
 10610 | Lair:3   | Noticed a four-headed hydra
 10693 | Lair:3   | Reached skill level 5 in Maces & Flails
 10872 | Lair:3   | Reached skill level 5 in Dodging
 10966 | Lair:4   | Noticed a six-headed hydra
 10991 | Lair:3   | Noticed a four-headed hydra
 11252 | Lair:1   | Noticed a seven-headed hydra
 11716 | Lair:2   | Reached ****** piety under Kikubaaqudgha
 11796 | Lair:2   | Identified a +4 whip of pain (a +2 whip of flaming bloodied
                  | by Kikubaaqudgha)
 11796 | Lair:2   | Received a gift from Kikubaaqudgha
 11851 | Lair:3   | Killed a four-headed hydra
 11974 | Lair:3   | Learned a level 4 spell: Animate Dead
 11982 | Lair:3   | Learned a level 5 spell: Agony
 12231 | Lair:4   | Noticed a four-headed hydra
 12241 | Lair:4   | Killed a four-headed hydra
 12242 | Lair:4   | Reached XP level 13. HP: 57/124 MP: 2/12
 12514 | Lair:4   | Reached skill level 16 in Unarmed Combat
 12781 | Lair:6   | Entered Level 6 of the Lair of Beasts
 12932 | Lair:6   | Found a viscous altar of Jiyva.
 12932 | Lair:6   | Found a staircase to the Slime Pits.
 12936 | Lair:6   | Fell from the grace of Kikubaaqudgha
 12936 | Lair:6   | Became a worshipper of Jiyva Jipofraf the Shapeless
 13003 | Lair:6   | Reached * piety under Jiyva
 13534 | D:8      | Reached ** piety under Jiyva
 14388 | D:5      | Reached *** piety under Jiyva
 14718 | D:1      | Gained mutation: You have a small jelly attached to you
                  | that may absorb incoming projectiles. [Jiyva's grace]
 15557 | D:10     | Reached **** piety under Jiyva
 16019 | Orc:1    | Entered Level 1 of the Orcish Mines
 16261 | Orc:1    | Found a roughly hewn altar of Beogh.
 16313 | Orc:2    | Entered Level 2 of the Orcish Mines
 16411 | Orc:1    | Gained mutation: You are robust. (+10% HP) [Jiyva's grace]
 16564 | Orc:2    | Found Nusen's Armour Shoppe.
 16695 | Orc:2    | Bought the +2 storm dragon scales "Lala" {rElec rPois rC+
                  | Dex+2 Stlth+} for 1657 gold pieces
 16784 | Orc:2    | Reached ***** piety under Jiyva
 16790 | Orc:2    | Gained mutation: You evolve. [Jiyva's grace]
 16797 | Orc:2    | Found Dukah's General Store.
 16798 | Orc:2    | Found Didovud's General Store.
 16858 | Orc:2    | Gained mutation: Your body has grown golden eyes which may
                  | confuse attackers. (Acc +3) [Jiyva's grace]
 16867 | Orc:2    | Reached ****** piety under Jiyva
 17089 | Orc:2    | Reached skill level 1 in Armour
 17195 | Orc:2    | Gained mutation: Your spells are a little harder to cast,
                  | but a little more powerful. [Jiyva's grace]
 17279 | Orc:2    | Lost mutation: Your spells are a little harder to cast, but
                  | a little more powerful. [Jiyva's grace]
 17309 | Orc:2    | Gained mutation: You rapidly evolve. [Jiyva's grace]
 17396 | Orc:2    | Lost mutation: You have a small jelly attached to you that
                  | may absorb incoming projectiles. [potion of mutation]
 17396 | Orc:2    | Lost mutation: You rapidly evolve. [potion of mutation]
 17396 | Orc:2    | Gained mutation: You have a pair of small horns on your
                  | head. [potion of mutation]
 17396 | Orc:2    | Gained mutation: You are partially covered in icy blue
                  | scales. (AC +2) [potion of mutation]
 17438 | Orc:2    | Lost mutation: You evolve. [potion of mutation]
 17438 | Orc:2    | Lost mutation: You have a pair of small horns on your head.
                  | [potion of mutation]
 17438 | Orc:2    | Gained mutation: Your system is resistant to poisons.
                  | (rPois) [potion of mutation]
 17439 | Orc:2    | Lost mutation: Your system is resistant to poisons. (rPois)
                  | [potion of mutation]
 17439 | Orc:2    | Lost mutation: Your body has grown golden eyes which may
                  | confuse attackers. (Acc +3) [potion of mutation]
 17439 | Orc:2    | Lost mutation: You are partially covered in icy blue
                  | scales. (AC +2) [potion of mutation]
 17439 | Orc:2    | Lost mutation: You are robust. (+10% HP) [potion of
                  | mutation]
 17439 | Orc:2    | Gained mutation: Your magical capacity is low. (-10% MP)
                  | [potion of mutation]
 17439 | Orc:2    | Gained mutation: You occasionally shout uncontrollably at
                  | your foes. [potion of mutation]
 17439 | Orc:2    | Gained mutation: Your muscles are strong. (Str +2) [potion
                  | of mutation]
 17439 | Orc:2    | Gained mutation: You can translocate small distances at
                  | will. [potion of mutation]
 17440 | Orc:2    | Lost mutation: Your muscles are strong. (Str +2) [potion of
                  | mutation]
 17440 | Orc:2    | Lost mutation: Your magical capacity is low. (-10% MP)
                  | [potion of mutation]
 17440 | Orc:2    | Lost mutation: You occasionally shout uncontrollably at
                  | your foes. [potion of mutation]
 17440 | Orc:2    | Gained mutation: You are frail. (-10% HP) [potion of
                  | mutation]
 17440 | Orc:2    | Gained mutation: You are partially covered in rugged brown
                  | scales. (AC +1, +3% HP) [potion of mutation]
 17872 | Orc:2    | HP: 2/113 [soul eater/drain life[an orc high priest] (6)]
 18165 | Orc:2    | Reached XP level 14. HP: 123/123 MP: 13/13
 18313 | Orc:2    | Found Baf Vit's Antique Armour Boutique.
 18313 | Orc:2    | Found Nafeany's Gadget Shop.
 18313 | Orc:2    | Found a one-way gate leading to the halls of Pandemonium.
 18496 | Orc:2    | Lost mutation: You are frail. (-10% HP) [Jiyva's grace]
 18621 | Orc:2    | Found a staircase to the Elven Halls.
 18944 | Orc:1    | Found Utitt's Armour Shoppe.
 18980 | Orc:2    | Gained mutation: You have a pair of small horns on your
                  | head. [Jiyva's grace]
 19142 | Orc:1    | Gained mutation: You expend magic power (3 MP) to
                  | strengthen your wands. [Jiyva's grace]
 19171 | Orc:1    | Gained mutation: Your muscles are strong. (Str +2) [Jiyva's
                  | grace]
 19817 | Lair:1   | Gained mutation: You are resistant to electric shocks.
                  | (rElec) [Jiyva's grace]
 20005 | Lair:1   | Noticed Joseph
 20017 | Lair:1   | Killed Joseph
 20276 | Lair:1   | Lost mutation: You have a pair of small horns on your head.
                  | [Jiyva's grace]
 21225 | Lair:2   | Lost mutation: Your muscles are strong. (Str +2) [Jiyva's
                  | grace]
 21474 | Lair:3   | Found a staircase to the Shoals.
 21669 | Lair:3   | Found a hole to the Spider Nest.
 21693 | Lair:3   | Reached skill level 1 in Spellcasting
 21906 | Lair:3   | Reached skill level 5 in Armour
 22381 | Lair:4   | Gained mutation: You are strong-willed. (Will+) [Jiyva's
                  | grace]
 22385 | Lair:4   | Found the +7 great mace "Undeadhunter" {disrupt, rN+}
 22606 | Lair:4   | Gained mutation: Your muscles are strong. (Str +2) [Jiyva's
                  | grace]
 22990 | Lair:5   | Was forgiven by Kikubaaqudgha
 23130 | Lair:5   | Found a transporter.
 23130 | Lair:5   | Found a transporter.
 23188 | Lair:5   | Lost mutation: You are resistant to electric shocks.
                  | (rElec) [Jiyva's grace]
 24159 | Lair:6   | Gained mutation: You are agile. (Dex +2) [Jiyva's grace]
 24789 | Lair:6   | Found the +3 giant club "Skullcrusher" {speed, Str+7}
 24860 | Lair:6   | Noticed an azure jelly
 24860 | Lair:6   | a four-headed hydra changed into an azure jelly
 24875 | Lair:6   | Lost mutation: You are agile. (Dex +2) [Jiyva's grace]
 25134 | Lair:6   | Reached XP level 15. HP: 144/144 MP: 17/17
 25181 | Lair:6   | Gained mutation: Your spells are a little harder to cast,
                  | but a little more powerful. [Jiyva's grace]
 25463 | Lair:6   | Reached skill level 17 in Unarmed Combat
 25612 | Lair:6   | Gained mutation: You are highly strong-willed. (Will++)
                  | [Jiyva's grace]
 25624 | Lair:6   | Noticed an azure jelly
 25624 | Lair:6   | a catoblepas changed into an azure jelly
 25740 | Lair:6   | Gained mutation: Your body has grown golden eyes which may
                  | confuse attackers. (Acc +3) [Jiyva's grace]
 25944 | Lair:6   | Found the ring of Robustness {AC+8}
 26154 | Slime:1  | Entered Level 1 of the Pits of Slime
 26197 | Slime:1  | Noticed an acid blob
 26217 | Slime:1  | Noticed an acid blob
 26265 | Slime:2  | Noticed an azure jelly
 26302 | Slime:2  | Noticed an azure jelly
 26333 | Slime:2  | Noticed Dissolution
 26338 | Slime:3  | Noticed an acid blob
 26346 | Slime:4  | Noticed an acid blob
 26382 | Slime:4  | Noticed an acid blob
 26409 | Slime:4  | Found a viscous altar of Jiyva.
 26410 | Slime:4  | Noticed an acid blob
 26457 | Slime:4  | Noticed an acid blob
 26498 | Slime:4  | Noticed an azure jelly
 26532 | Slime:5  | Entered Level 5 of the Pits of Slime
 26538 | Slime:5  | Gained mutation: You have a small jelly attached to you
                  | that may absorb incoming projectiles. [Jiyva's grace]
 26541 | Slime:5  | Lost mutation: Your spells are a little harder to cast, but
                  | a little more powerful. [Jiyva's grace]
 26544 | Slime:5  | Gained mutation: You have a pair of small antennae on your
                  | head. [Jiyva's grace]
 26550 | Slime:5  | Noticed an acid blob
 26611 | Slime:5  | Noticed the Royal Jelly
 26616 | Slime:5  | Noticed an acid blob
 26662 | Slime:5  | Noticed an acid blob
 26702 | Slime:5  | Noticed an acid blob
 26704 | Slime:5  | Noticed an azure jelly
 26704 | Slime:5  | Found a viscous altar of Jiyva.
 26704 | Slime:5  | Noticed an acid blob
 26707 | Slime:5  | Noticed an acid blob
 26710 | Slime:5  | Got a brightly glowing tin ring
 26711 | Slime:5  | Identified An Initiation to the Arcane Arts
 26722 | Slime:5  | Got a slimy rune of Zot
 26725 | Slime:5  | Found the +7 Singing Sword {vorpal, sonic wave}
 26731 | Slime:5  | Noticed an azure jelly
 26789 | Slime:5  | Got a fine great mace
 26808 | Slime:5  | Noticed an acid blob
 26865 | Slime:5  | Noticed an azure jelly
 27112 | Slime:3  | Noticed an acid blob
 27123 | Slime:3  | Noticed an acid blob
 27463 | Slime:1  | Noticed an azure jelly
 27463 | Slime:1  | Noticed an acid blob
 27463 | Slime:1  | Noticed an azure jelly
 27473 | Slime:1  | Noticed an acid blob
 27583 | Slime:1  | You fall into a shaft and drop 1 floor!
 27583 | Slime:2  | Noticed an acid blob
 27665 | Lair:6   | Identified the +11 great mace of Meager Indomitability
                  | {speed, rF+ Int+4} (You found it on level 5 of the Pits of
                  | Slime)
 27672 | Lair:6   | Identified the ring of Fissil {Will++ Stlth-} (You found it
                  | on level 5 of the Pits of Slime)
 28321 | Shoals:1 | Entered Level 1 of the Shoals
 28537 | Shoals:1 | Gained mutation: Your flesh is cold resistant. (rC+)
                  | [Jiyva's grace]
 28642 | Shoals:1 | Lost mutation: You have a pair of small antennae on your
                  | head. [Jiyva's grace]
 28842 | Shoals:1 | Reached skill level 10 in Maces & Flails
 28936 | Shoals:1 | Found Niamiuta's Weapon Shop.
 28941 | Shoals:1 | Lost mutation: You are highly strong-willed. (Will++)
                  | [Jiyva's grace]
 29230 | Shoals:2 | Found Pugreg's Antique Weapon Shop.
 29270 | Shoals:2 | Found Ebrumuah's Gadget Boutique.
 29385 | Shoals:2 | Found Hiurph's General Store.
 29400 | Shoals:2 | Bought a scroll of enchant armour for 120 gold pieces
 29479 | D:4      | Lost mutation: You have a small jelly attached to you that
                  | may absorb incoming projectiles. [Jiyva's grace]
 29667 | Shoals:2 | Found Asmiam's General Store.
 29684 | Shoals:2 | Bought a scroll of teleportation for 42 gold pieces
 29813 | Shoals:3 | Killed from afar by a water nymph

Illustrated notes

Levels and vault maps discovered:
D:1:      mrwooster_arrival_statue, layout_loops_cross, serial_park_tiny_2,
          nrook_loot_triangle
D:2:      layout_loops_corners
D:3:      layout_loops_cross, nicolae_overflow_hidden_temple,
          lemuel_altar_in_water
D:4:      layout_basic, uniq_crazy_yiuf_cottage
D:5:      layout_cave_pools
D:6:      layout_rooms, minmay_temple_entry_junction, abandoned_shop,
          fedhas_altar_fruit_tree, uniq_eustachio
D:7:      layout_loops_ring, led_sif_book, serial_shops, shop, basic_altar,
          nicolae_benzene_ring, minmay_misc_feat_plants,
          chequers_serial_rivers_micro_c
D:8:      minmay_goldmine, layout_gridville, erik_lair_dragon, uniq_pikel,
          uniq_grum, uniq_maurice
D:9:      layout_cave_pods
D:10:     layout_cave_pods, grunt_gozag_statues
D:11:     layout_grid_maze, zombieorc2_lemuel
D:12:     minmay_strange_plus, layout_basic, argonaut_gorgonesque, uniq_snorg
Temple:   minmay_crystal_spiral_temple
Lair:1:   layout_loops_ring, lemuel_fruit_fields, uniq_joseph, uniq_nergalle
Lair:2:   layout_cave_pods, serial_bayou_shore_a, grunt_megastairs_3,
          lemuel_fruit_tree
Lair:3:   layout_cave_pods, elwin_shoals_entry_stream,
          nicolae_spider_entry_non_spiders, gauntlet_entry_generic
Lair:4:   layout_roguey, serial_bayou, serial_bayou_shore_b,
          serial_bayou_ford_a, serial_bayou_pond_a, serial_bayou_pond_e,
          serial_bayou_shore_b, st_stairs_7, grunt_forest_stairs_basic
Lair:5:   gammafunk_boulding_lane, layout_gridlike
Lair:6:   hangedman_lair_in_review, layout_regular_city,
          dpeg_slime_entry_enclosed_altar, wad_woods_antlair,
          minmay_lair_oklob_chamber
Shoals:1: layout_shoals, serial_shops, shop
Shoals:2: layout_shoals, serial_shops,
          nicolae_shop_temple_entry_statues_fountains, shop,
          nicolae_shop_behind_doors, nicolae_shop_stone
Shoals:3: layout_shoals
Slime:1:  layout_caves
Slime:2:  layout_caves, uniq_dissolution
Slime:3:  layout_caves
Slime:4:  layout_caves, basic_altar
Slime:5
Orc:1:    layout_caves, basic_altar, serial_shops, shop
Orc:2:    pf_orc_diabolical, layout_caves, serial_shops, shop, mines4_lemuel

Skill      XL: |  1  2  3  4  5  6  7  8  9 10 11 12 13 14 15 |
---------------+----------------------------------------------+-----
Unarmed Combat | 4 5 6 8 10 12 13 14 15 16 17 | 17.2
Necromancy     | 3 5 6 7 8 |  8.3
Fighting       | 4 5 6 7 |  7.0
Maces & Flails | 2 4 6 8 9 10 | 10.1
Dodging        | 3 6 7 8 9 |  9.0
Armour         | 3 6 8 |  8.2
Spellcasting   | 2 3 |  3.0
Stealth        | |  1.0

Action                   |  1- 3 |  4- 6 |  7- 9 | 10-12 | 13-15 || total
-------------------------+-------+-------+-------+-------+-------++-------
Melee: Unarmed           |    73 |   164 |   211 |   680 |  1006 ||  2134
       Punch             |       |     4 |     9 |    53 |   185 ||   251
       Whip              |       |       |       |    19 |   508 ||   527
       Headbutt          |       |       |       |       |    34 ||    34
Throw: Large rock        |       |       |       |     3 |    24 ||    27
       Javelin           |       |       |       |       |     6 ||     6
 Cast: Animate Dead      |       |       |       |     1 |       ||     1
Invok: Receive Corpses   |       |       |       |     1 |       ||     1
       Brand Weapon With |       |       |       |     1 |       ||     1
       Request Jelly     |       |       |       |       |     9 ||     9
       Cure Bad Mutation |       |       |       |       |     3 ||     3
       Slimify           |       |       |       |       |     6 ||     6
 Abil: Blink             |       |       |       |       |     1 ||     1
Evoke: Wand              |       |       |       |     5 |     2 ||     7
  Use: Scroll            |       |       |    15 |     6 |     8 ||    29
       Potion            |       |       |       |     4 |     6 ||    10
 Stab: Sleeping          |     1 |       |     1 |     1 |       ||     3
       Distracted        |       |       |       |     3 |       ||     3
       Confused          |       |       |       |       |     6 ||     6
Armor: Robe              |    28 |    91 |    49 |    24 |       ||   192
       Troll leather arm |       |       |       |   131 |    68 ||   199
       Skin              |       |       |       |     5 |       ||     5
       Storm dragon scal |       |       |       |       |   756 ||   756
Dodge: Dodged            |    30 |   107 |   100 |   378 |   973 ||  1588
       Repelled          |       |       |       |     2 |    12 ||    14

Table legend: (Time is in decaauts)
 A = Elapsed time spent in this place.
 B = Non-inter-level travel time spent in this place.
 C = Inter-level travel time spent in this place.
 D = Time resting spent in this place.
 E = Time spent auto-exploring this place.
 F = Levels seen in this place.
 G = Mean time per level.
                   A        B        C        D        E       F      G
               +--------+--------+--------+--------+--------+-----+--------+
         Total |  29317 |  22777 |   6540 |   3382 |  14113 |  29 | 1010.9 |
       Dungeon |  12937 |   9154 |   3783 |    371 |   6725 |  12 | 1078.1 |
        Temple |    170 |     86 |     84 |      0 |     83 |   1 |  170.0 |
          Lair |   9801 |   8099 |   1702 |   1893 |   4130 |   6 | 1633.5 |
        Shoals |   1580 |   1515 |     65 |     90 |   1156 |   3 |  526.7 |
    Slime Pits |   1507 |   1195 |    312 |      0 |   1141 |   5 |  301.4 |
  Orcish Mines |   3319 |   2726 |    593 |   1028 |    878 |   2 | 1659.5 |
               +--------+--------+--------+--------+--------+-----+--------+

Top non-repeatable levels by time:
  Lair:6: 2689 daAuts
     D:8: 2562 daAuts
   Orc:2: 2517 daAuts
  Lair:2: 1590 daAuts
  Lair:1: 1475 daAuts
  Lair:3: 1475 daAuts
    D:11: 1436 daAuts
     D:9: 1427 daAuts
  Lair:5: 1410 daAuts
     D:7: 1320 daAuts
  Lair:4: 1159 daAuts
    D:10: 1010 daAuts
     D:2: 878 daAuts
     D:4: 869 daAuts
Shoals:1: 860 daAuts
